 Dungeon Crawl Stone Soup version 0.29.1-15-g9cfb28693d (webtiles) character file.

Game seed: 4499509609024746553

135 Cheops the Slasher (level 4, -3/33 HPs)
             Began as a Demonspawn Gladiator on Apr 10, 2023.
             Slain by a gnoll
             ... wielding a +0 flail
              (8 damage)
             ... on level 3 of the Dungeon.
             The game lasted 00:03:51 (2313 turns).

Cheops the Slasher (Demonspawn Gladiator)           Turns: 2313, Time: 00:03:51

Health: -3/33      AC:  5    Str: 14    XL:     4   Next: 96%
Magic:  4/4        EV: 12    Int: 10    God:
Gold:   91         SH:  0    Dex: 16    Spells: 3/3 levels left

rFire   . . .      SeeInvis .   a - +0 long sword
rCold   . . .      Faith    .   (no shield)
rNeg    . . .      Spirit   .   b - +0 leather armour
rPois   .          Reflect  .   (helmet restricted)
rElec   .          Harm     .   (no cloak)
rCorr   +          Rampage  .   p - +0 pair of gloves
Will    .....                   k - +0 pair of boots
Stlth   +.........              (no amulet)
HPRegen 0.11/turn               n - ring of resist corrosion
MPRegen 0.09/turn               (no ring)

@: no status effects
A: horns 1, spiny 1
a: no special abilities


You were on level 3 of the Dungeon.
You visited 1 branch of the dungeon, and saw 4 of its levels.

You collected 91 gold pieces.

Inventory:

Hand Weapons
 a - a +0 long sword (weapon)
Missiles
 d - 3 throwing nets (quivered)
 e - a javelin
Armour
 b - a +0 leather armour (worn)
 k - a +0 pair of boots (worn)
 p - a +0 pair of gloves (worn)
Jewellery
 n - a ring of resist corrosion (left hand)
Scrolls
 c - 2 scrolls of teleportation {unknown}
 f - a scroll of magic mapping {unknown}
 h - 7 scrolls of identify {unknown}
 i - 3 scrolls of butterflies {unknown}
 m - 2 scrolls of enchant armour {unknown}
 o - a scroll of poison {unknown}
Potions
 g - 3 potions of curing {unknown}
 j - a potion of flight {unknown}
 l - a potion of degeneration {unknown}


   Skills:
 - Level 2.0 Fighting
 + Level 5.2 Long Blades
 - Level 1.7 Throwing
 - Level 2.6 Dodging


You had 3 spell levels left.
You didn't know any spells.
Your spell library contained the following spells:

 Spells                   Type           Power      Damage    Failure   Level
 Dazzling Flash           Conj/Hex       0%         N/A       82%         3
 Iskenderun's Mystic Bla  Conj/Tloc      0%         2d3       99%         4
 Starburst                Conj/Fire      0%         6d3       100%        6


Dungeon Overview and Level Annotations

Branches:
Dungeon (4/15)
 Temple: D:4-7

Altars:
Vehumet


Innate Abilities, Weirdness & Mutations

You have a pair of small horns on your head.
You are partially covered in sharp spines.


Message History

You slash the gnoll!
You kill the gnoll!
Your Long Blades skill increases to level 5!
You hit the gnoll but do no damage. The gnoll is struck by your spines.
The gnoll barely misses you.
You hit the gnoll.
The gnoll is heavily wounded.
A goblin comes into view. It is wielding a +0 club.
You hit the gnoll.
The gnoll is almost dead.
The gnoll is struck by your spines.
You kill the gnoll!
There are monsters nearby!
There are monsters nearby!
There are monsters nearby!
You hit the gnoll.
The gnoll is lightly wounded.
The gnoll hits you with a +0 whip.
You closely miss the gnoll. The gnoll hits you with a +0 whip.
The gnoll misses you. The gnoll attacks as you move away!
The gnoll closely misses you. The gnoll attacks as you move away!
The gnoll is struck by your spines. The gnoll hits you with a +0 whip.
The gnoll attacks as you move away! The gnoll hits you with a +0 flail!
* * * LOW HITPOINT WARNING * * *
You barely miss the gnoll.
The gnoll is moderately wounded.
The gnoll hits you with a +0 whip!
* * * LOW HITPOINT WARNING * * *
You slash the gnoll!
The gnoll is almost dead.
The gnoll is struck by your spines.
You kill the gnoll!
You hit the gnoll but do no damage. You headbutt the gnoll.
The gnoll is lightly wounded.
The gnoll barely misses you.
You slash the gnoll!
The gnoll is almost dead.
The gnoll hits you with a +0 flail!
You die...

.. ♣. ♣. . ## ##
..## #. . ##.#
.##. .
.##..#.##..#.##.
...##....##....##
♣♣..#.♣♣..#.♣♣.g##
♣♣.# .♣♣.#g.♣♣.#@#
...##....##).g.###
#.#..##.#..##(#..#
.##..#.##..#†##..#
...##....##....###
♣♣..#.♣♣..#.♣♣..#
♣♣.#..♣♣.#..♣ .#.#
...##....##....# #
#.#..##.#..##.#..#


You could see a gnoll.

Vanquished Creatures
  A jelly (D:4)
  3 gnolls (D:3)
  An adder (D:3)
  2 dart slugs
  4 endoplasms
  3 giant cockroaches
  6 goblins
  7 hobgoblins
  6 jackals (D:1)
  2 quokkas
  7 ball pythons
  5 bats
  2 frilled lizards (D:1)
  4 kobolds
  7 rats
60 creatures vanquished.

Notes
Turn   | Place    | Note
-------+----------+-------------------------------------------
     0 | D:1      | Cheops the Demonspawn Gladiator began the quest for the
                  | Orb.
     0 | D:1      | Reached XP level 1. HP: 16/16 MP: 1/1
    79 | D:1      | Reached skill level 3 in Long Blades
    83 | D:1      | Gained mutation: You are partially covered in sharp spines.
                  | [demonic ancestry]
    83 | D:1      | Reached XP level 2. HP: 19/22 MP: 2/2
   180 | D:1      | Found a faded altar of an unknown god.
   709 | D:1      | Gained mutation: You have a pair of small horns on your
                  | head. [demonic ancestry]
   709 | D:1      | Reached XP level 3. HP: 24/27 MP: 3/3
  1172 | D:1      | Reached skill level 4 in Long Blades
  1355 | D:2      | Found a radiant altar of Vehumet.
  1850 | D:2      | You fall into a shaft and drop 2 floors!
  1896 | D:4      | Reached XP level 4. HP: 24/33 MP: 4/4
  2300 | D:3      | Reached skill level 5 in Long Blades
  2313 | D:3      | Slain by a gnoll

Illustrated notes

Levels and vault maps discovered:
D:1:      psy_arrival_fountain, layout_loops_cross,
          hellmonk_ecumenical_altar_arch_garden
D:2:      layout_loops_ring, basic_altar, minmay_hexomino_c4
D:3:      layout_basic, mainiacjoe_overflow_divided_tiny, demons_altar,
          lemuel_crystal_altar, mainiacjoe_overflow_concentric_impassable,
          nicolae_eternal_life, uniq_terence, uniq_robin
D:4:      layout_loops_ring, zin_treasury, temple_hall, serial_glass,
          glass_columns_a, glass_columns_b, minmay_manual_mail

Skill      XL: |  1  2  3  4 |
---------------+-------------+-----
Long Blades    | 3 4 5 |  5.2
Fighting       | |  2.0
Throwing       | |  1.7
Dodging        | |  2.6

Action                   |  1- 3 |  4- 6 || total
-------------------------+-------+-------++-------
Melee: Long sword        |    81 |    22 ||   103
       Headbutt          |     5 |     4 ||     9
 Stab: Sleeping          |     1 |       ||     1
Armor: Leather armour    |    18 |     2 ||    20
Dodge: Dodged            |    38 |    13 ||    51
